 Dungeon Crawl Stone Soup version 0.31-a0-4-gefa6de2278 (webtiles) character file.

Game seed: 17704256786393292656

151 bmack86 the Covered (level 5, 0/47 HPs)
             Began as a Minotaur Fighter on May 5, 2023.
             Slain by an adder (4 damage)
             ... on level 4 of the Dungeon.
             The game lasted 00:05:14 (1646 turns).

bmack86 the Covered (Minotaur Fighter)              Turns: 1646, Time: 00:05:14

Health: 0/47       AC:  1    Str: 22    XL:     5   Next: 11%
Magic:  4/4        EV:  8    Int:  9    God:
Gold:   90         SH:  4    Dex:  8    Spells: 4/4 levels left

rFire   . . .        a - +0 war axe
rCold   . . .        c - +0 buckler
rNeg    . . .        u - +0 chain mail
rPois   +            (helmet restricted)
rElec   .            (no cloak)
rCorr   .            (no gloves)
SInv    .            (no boots)
Will    .....        r - amulet of faith Stlth
                     (no ring)
HPRegen 0.27/turn    (no ring)
MPRegen 0.09/turn

%: faith
@: mighty, corroded
A: horns 2, retaliatory headbutt, clever 1, poison resistance
a: no special abilities


You were on level 4 of the Dungeon.
You visited 1 branch of the dungeon, and saw 4 of its levels.

You collected 90 gold pieces.

Inventory:

Hand Weapons
 a - a +0 war axe (weapon)
Missiles
 g - 4 curare-tipped darts (quivered)
Armour
 b - a +0 scale mail
 c - a +0 buckler (worn)
 u - a +0 chain mail (worn)
Jewellery
 r - an amulet of faith (around neck)
Scrolls
 e - a scroll of teleportation {unknown}
 h - 2 scrolls of blinking
 i - 3 scrolls of amnesia {unknown}
 k - a scroll of noise {unknown}
 n - a scroll of magic mapping {unknown}
 s - a scroll of enchant weapon {unknown}
 t - a scroll of brand weapon {unknown}
Potions
 f - a potion of flight
 l - 2 potions of brilliance
 o - a potion of heal wounds {unknown}
 p - a potion of resistance {unknown}
 q - 2 potions of invisibility


   Skills:
 + Level 4.3 Fighting
 * Level 4.2 Axes
 + Level 1.7 Throwing
 + Level 4.3 Armour
 + Level 4.3 Shields


You had 4 spell levels left.
You didn't know any spells.
Your spell library contained the following spells:

 Spells                   Type           Power      Damage    Failure   Level
 Freeze                   Ice            0%         1d3       97%         1
 Frozen Ramparts          Ice            0%         1d1       100%        3
 Hailstorm                Conj/Ice       0%         3d3       100%        3


Dungeon Overview and Level Annotations

Branches:
Dungeon (4/15)
 Temple: D:4-7

Altars:
Gozag
Nemelex Xobeh
Sif Muna

Shops:
D:3 [

Annotations:
D:3 Ijyb


Innate Abilities, Weirdness & Mutations

You have a pair of horns on your head.
You reflexively headbutt those who attack you in melee.
Your mind is acute. (Int +4, Str/Dex -1)
Your system is resistant to poisons. (rPois)


Message History

You barely miss the adder. You hit the bat.
The bat hits you but does no damage. The adder bites you but does no damage.
The adder barely misses you. You furiously retaliate!
You headbutt the adder.
Ijyb zaps a wand.
The bolt of acid hits you!
* * * LOW HITPOINT WARNING * * *
The acid corrodes you! The bat barely misses you. You furiously retaliate!
You headbutt the bat, but do no damage.
Ijyb screams, "Get away!"
There is a stone staircase leading down here.
The adder bites you.
* * * LOW HITPOINT WARNING * * *
You are poisoned.
The adder poisons you! The bat hits you.
* * * LOW HITPOINT WARNING * * *
The adder bites you.
* * * LOW HITPOINT WARNING * * *
You climb downwards.
* * * LOW HITPOINT WARNING * * *
You feel sick.
There is a stone staircase leading up here.
You barely miss the adder.
The adder is moderately wounded.
* * * LOW HITPOINT WARNING * * *
You feel sick. The adder closely misses you.
It was a potion of mutation.
You feel extremely strange.
You feel clever.
You feel resistant to poisons.
* * * LOW HITPOINT WARNING * * *
You feel sick. The adder barely misses you. The adder bites you.
* * * LOW HITPOINT WARNING * * *
It was a potion of curing.
You feel better. The adder closely misses you.
You barely miss the adder.
The adder is moderately wounded.
The adder bites you.
* * * LOW HITPOINT WARNING * * *
The adder bites you.
* * * LOW HITPOINT WARNING * * *
You feel very mighty all of a sudden. The adder bites you.
You die...

##########
#........
#.......#
#.......#
#....S@.#
#.......#
#########


You could see an adder.

Vanquished Creatures
  A scorpion (D:3)
  An iguana (D:3)
  An adder (D:3)
  3 dart slugs
  5 orcs (D:3)
  2 endoplasms
  2 giant cockroaches
  2 goblins (D:1)
  5 hobgoblins
  4 jackals (D:1)
  A kobold (D:3)
  5 quokkas
  5 ball pythons
  3 bats
  3 frilled lizards (D:1)
  5 rats
48 creatures vanquished.

Notes
Turn   | Place    | Note
-------+----------+-------------------------------------------
     0 | D:1      | bmack86 the Minotaur Fighter began the quest for the Orb.
     0 | D:1      | Reached XP level 1. HP: 19/19 MP: 0/0
   231 | D:1      | Reached XP level 2. HP: 27/27 MP: 1/1
   302 | D:1      | Found a faded altar of an unknown god.
   492 | D:1      | Reached XP level 3. HP: 28/33 MP: 2/2
  1109 | D:2      | Found a shimmering blue altar of Sif Muna.
  1271 | D:3      | Reached skill level 1 in Throwing
  1280 | D:3      | Reached XP level 4. HP: 28/40 MP: 3/3
  1380 | D:3      | Noticed a scorpion
  1387 | D:3      | Killed a scorpion
  1388 | D:3      | Reached XP level 5. HP: 46/46 MP: 4/4
  1486 | D:3      | Found an opulent altar of Gozag.
  1486 | D:3      | Found a sparkling altar of Nemelex Xobeh.
  1522 | D:3      | Found Nusukk's Antique Armour Shop.
  1635 | D:3      | Noticed Ijyb
  1643 | D:4      | Gained mutation: Your mind is acute. (Int +4, Str/Dex -1)
                  | [potion of mutation]
  1643 | D:4      | Gained mutation: Your system is resistant to poisons.
                  | (rPois) [potion of mutation]
  1643 | D:4      | HP: 1/47 [adder (2)]
  1646 | D:4      | Slain by an adder

Illustrated notes

Levels and vault maps discovered:
D:1:      ncdulo_lavacross, layout_loops_ring, ebering_ecumenical_altar_box
D:2:      layout_loops_ring, basic_altar, minivault_27
D:3:      layout_rooms, grunt_temple_overflow_opulence, serial_shops,
          nicolae_shop_tiny_statue_garden, uniq_ijyb
D:4:      minmay_opposing_rooms, layout_rooms, hangedman_decor_lopped

Skill      XL: |  1  2  3  4 |
---------------+-------------+-----
Axes           | 3 4 |  4.2
Armour         | 4 |  4.3
Fighting       | 4 |  4.3
Throwing       | 1 |  1.7
Shields        | 4 |  4.3

Action                     |  1- 3 |  4- 6 || total
---------------------------+-------+-------++-------
  Melee: War axe           |    63 |    31 ||    94
         Headbutt          |     7 |     3 ||    10
    Use: Scroll            |     3 |     2 ||     5
         Potion            |       |     3 ||     3
 Armour: Scale mail        |    37 |    11 ||    48
         Chain mail        |       |     5 ||     5
  Dodge: Dodged            |    36 |    23 ||    59
  Block: Buckler           |    15 |    10 ||    25

Table legend: (Time is in decaauts)
 A = Elapsed time spent in this place.
 B = Non-inter-level travel time spent in this place.
 C = Inter-level travel time spent in this place.
 D = Time resting spent in this place.
 E = Time spent auto-exploring this place.
 F = Levels seen in this place.
 G = Mean time per level.
                   A        B        C        D        E       F      G
               +--------+--------+--------+--------+--------+-----+--------+
         Total |   1679 |   1647 |     32 |      0 |   1192 |   4 |  419.8 |
       Dungeon |   1679 |   1647 |     32 |      0 |   1192 |   4 |  419.8 |
               +--------+--------+--------+--------+--------+-----+--------+

Top non-repeatable levels by time:
     D:1: 656 daAuts
     D:2: 608 daAuts
     D:3: 408 daAuts
     D:4: 5 daAuts
